 Dungeon Crawl Stone Soup version 0.31-a0-210-gccc998df9b (webtiles) character file.

Game seed: 9374676979504268806

50 garrulousMonolith the Slasher (level 3, -3/28 HPs)
             Began as a Demonspawn Gladiator on July 1, 2023.
             Slain by a kobold
             ... wielding a +1 short sword of electrocution
              (20 damage)
             ... on level 2 of the Dungeon.
             The game lasted 00:01:12 (1219 turns).

garrulousMonolith the Slasher (DsGl)                Turns: 1219, Time: 00:01:13

Health: -3/28      AC:  4    Str: 16    XL:     3   Next: 55%
Magic:  3/3        EV: 12    Int:  9    God:
Gold:   53         SH:  0    Dex: 14    Spells: 2/2 levels left

rFire   . . .        a - +0 long sword
rCold   . . .        (no shield)
rNeg    + . .        b - +0 leather armour
rPois   .            c - +0 helmet
rElec   .            (no cloak)
rCorr   .            (no gloves)
SInv    .            (no boots)
Will    .....        (no amulet)
Stlth   +            h - ring of positive energy
HPRegen 0.24/turn    (no ring)
MPRegen 0.08/turn

%: no passive effects
@: no status effects
A: weakness stinger 1
a: no special abilities


You were on level 2 of the Dungeon.
You visited 1 branch of the dungeon, and saw 2 of its levels.

You collected 53 gold pieces.

Inventory:

Hand Weapons
 a - a +0 long sword (weapon)
Missiles
 d - 3 throwing nets (quivered)
 e - a javelin
Armour
 b - a +0 leather armour (worn)
 c - a +0 helmet (worn)
Jewellery
 h - a ring of positive energy (left hand)
Scrolls
 g - a scroll of enchant weapon {unknown}
Potions
 f - a potion of brilliance {unknown}
 i - 2 potions of lignification {unknown}
 j - a potion of haste {unknown}
 k - a potion of curing {unknown}


   Skills:
 + Level 2.4 Fighting
 * Level 3.3 Long Blades
 + Level 2.1 Throwing
 + Level 0.9 Armour
 + Level 3.0 Dodging


You had 2 spell levels left.
You didn't know any spells.
Your spell library was empty.

Dungeon Overview and Level Annotations

Branches:
Dungeon (2/15)

Altars:
Xom


Innate Abilities, Weirdness & Mutations

You have a small tail.


Message History

The hobgoblin is moderately wounded.
The hobgoblin misses you.
The endoplasm hits you but does no damage.
A dart slug comes into view.
You slash the hobgoblin!
You kill the hobgoblin!
The endoplasm freezes you.
You are frozen.
A bat comes into view.
The endoplasm hits you.
You are too injured to fight recklessly!
You are too injured to fight recklessly!
You are too injured to fight recklessly!
You are too injured to fight recklessly!
You are too injured to fight recklessly!
You are too injured to fight recklessly!
You are too injured to fight recklessly!
You are too injured to fight recklessly!
You are too injured to fight recklessly!
You are too injured to fight recklessly!
You are too injured to fight recklessly!
You are too injured to fight recklessly!
You are too injured to fight recklessly!
The endoplasm attacks as you move away!
The endoplasm hits you but does no damage.
The endoplasm attacks as you move away! The endoplasm barely misses you.
The kobold throws a stone.
The stone barely misses you.
You barely miss the endoplasm.
You tail-slap the endoplasm, but do no damage.
The endoplasm freezes you.
You are frozen.
You hit the endoplasm.
The endoplasm is moderately wounded.
The endoplasm closely misses you.
You slash the endoplasm!
You kill the endoplasm!
The kobold hits you with a +1 short sword of electrocution.
You are electrocuted!!
Ouch! That really hurt!
You die...

#....# #.#. #....# #.#.
...w# #.#. .K. #.#. ##K#
#.#. #Sr# #.#. ##.##
#.#. #gK# ####'#. #@##
#...... #######.#
#...... ........#
#......
........##########.....#
........'..............'
........#.########.....#
........#.# #.....#
#########.# ####### #.#


You could see a dart slug, a goblin, a ball python, 3 kobolds and a rat.

Vanquished Creatures
  An adder (D:2)
  2 dart slugs (D:1)
  A bat (D:1)
  2 endoplasms
  2 giant cockroaches
  2 hobgoblins
  6 jackals (D:1)
  11 kobolds
  A quokka (D:1)
  A ball python (D:2)
  3 frilled lizards
  4 rats
36 creatures vanquished.

Notes
Turn   | Place    | Note
-------+----------+-------------------------------------------
     0 | D:1      | garrulousMonolith the Demonspawn Gladiator began the quest
                  | for the Orb.
     0 | D:1      | Reached XP level 1. HP: 16/16 MP: 1/1
    46 | D:1      | Gained mutation: You have a small tail. [demonic ancestry]
    46 | D:1      | Reached XP level 2. HP: 22/22 MP: 2/2
   697 | D:1      | Reached XP level 3. HP: 27/27 MP: 3/3
  1012 | D:2      | Found a shimmering altar of Xom.
  1219 | D:2      | Slain by a kobold

Illustrated notes

Levels and vault maps discovered:
D:1:      psy_arrival_radial01, layout_basic, lexackson_kobold_supper
D:2:      minmay_recursive_quarters, layout_basic, basic_altar,
          nicolae_shop_vocational

Skill      XL: |  1  2  3 |
---------------+----------+-----
Long Blades    | 3 |  3.3
Throwing       | 2 |  2.1
Dodging        | 3 |  3.0
Fighting       | |  2.4
Armour         | |  0.9

Action                     || total
---------------------------++-------
  Melee: Long sword        ||    80
         Tailslap          ||     6
   Stab: Sleeping          ||     1
 Armour: Leather armour    ||    34
  Dodge: Dodged            ||    56

Table legend: (Time is in decaauts)
 A = Elapsed time spent in this place.
 B = Non-inter-level travel time spent in this place.
 C = Inter-level travel time spent in this place.
 D = Time resting spent in this place.
 E = Time spent auto-exploring this place.
 F = Levels seen in this place.
 G = Mean time per level.
                   A        B        C        D        E       F      G
               +--------+--------+--------+--------+--------+-----+--------+
         Total |   1237 |   1198 |     39 |    186 |    821 |   2 |  618.5 |
       Dungeon |   1237 |   1198 |     39 |    186 |    821 |   2 |  618.5 |
               +--------+--------+--------+--------+--------+-----+--------+

Top non-repeatable levels by time:
     D:1: 1024 daAuts
     D:2: 213 daAuts
